 Dungeon Crawl Stone Soup version 0.25.0-10-g039870ee82 (webtiles) character file.

Game seed: 6258076903463589318

2426 Delamore the Cleaver (level 9, -2/79 HPs)
             Began as a Hill Orc Monk on June 23, 2020.
             Was a Priest of Qazlal.
             Slain by an orc warrior
             ... wielding a +0 morningstar
              (9 damage)
             ... on level 7 of the Dungeon.
             The game lasted 00:08:36 (6583 turns).

Delamore the Cleaver (Hill Orc Monk)                Turns: 6583, Time: 00:08:36

Health: -2/79      AC: 13    Str: 17    XL:     9   Next: 48%
Magic:  9/9        EV: 11    Int: 10    God:    Qazlal [***...]
Gold:   308        SH:  3    Dex: 13    Spells: 8/8 levels left

rFire    . . .     SeeInvis .   I - +2 hand axe (freeze)
rCold    . . .     Gourm    .   (no shield)
rNeg     . . .     Faith    .   t - +0 chain mail
rPois    .         Spirit   .   (no helmet)
rElec    .         Reflect  .   q - +0 cloak
rCorr    .         Harm     .   b - +0 pair of gloves
MR       .....                  D - +0 pair of boots
Stlth    ..........             (no amulet)
HPRegen  0.23/turn              n - +4 ring of evasion
MPRegen  0.11/turn              (no ring)

@: drained
A: no striking features
a: Upheaval, Elemental Force, Renounce Religion


You were on level 7 of the Dungeon.
You worshipped Qazlal.
Qazlal was most pleased with you.
You were near starving.

You visited 2 branches of the dungeon, and saw 10 of its levels.

You collected 308 gold pieces.

Inventory:

Hand Weapons
 C - the +2 spear "Purith" {speed, rPois Str+2}
   (You found it on level 4 of the Dungeon)

   Attacks with this weapon are significantly faster.
   It affects your strength (+2).
   It protects you from poison.
 I - a +2 hand axe of freezing (weapon)
Missiles
 f - 12 poisoned darts (quivered)
 m - a throwing net
 r - 3 silver boomerangs
Armour
 b - a +0 pair of gloves (worn)
 q - a +0 cloak (worn)
 t - a +0 chain mail (worn)
 D - a +0 pair of boots (worn)
Jewellery
 i - an uncursed ring of ice
 n - a +4 ring of evasion (left hand)
Wands
 j - a wand of paralysis (9)
 y - a wand of clouds (5)
 A - a wand of iceblast (7)
Scrolls
 a - a scroll of identify
 d - 4 scrolls of teleportation
 g - a scroll of fog {unknown}
 h - a scroll of immolation
 k - 3 scrolls of blinking
 p - a scroll of remove curse
 s - a scroll of random uselessness {unknown}
 v - a scroll of enchant weapon {unknown}
 w - a scroll of noise
 z - a scroll of enchant armour {unknown}
 G - a scroll of torment {unknown}
Potions
 e - a potion of curing
 l - 2 potions of lignification
 o - 2 potions of heal wounds
 u - a potion of haste {unknown}
 x - 4 potions of berserk rage
 B - a potion of might {unknown}
 E - 3 potions of cancellation
 F - a potion of brilliance {unknown}
Comestibles
 c - 8 rations


   Skills:
 - Level 7.0(6.0) Fighting
 + Level 13.3(12.1) Axes
 - Level 5.3(4.3) Armour
 - Level 2.4(1.5) Dodging
 - Level 1.5(0.6) Stealth


You had 8 spell levels left.
You didn't know any spells.
Your spell library contained the following spells:

 Spells                   Type           Power        Failure   Level  Hunger
 Corona                   Hex            #......      99%         1    ##.....
 Ensorcelled Hibernation  Hex/Ice        #.....       100%        2    ###....
 Confusing Touch          Hex            #.......     100%        3    ####...
 Dazzling Flash           Conj/Hex       #.....       100%        3    ####...
 Tukima's Dance           Hex            #.......     100%        3    ####...


Dungeon Overview and Level Annotations

Branches:
Dungeon (9/15)             Temple (1/1) D:5
   Lair: D:8-11         Orc: D:9-12

Altars:
Cheibriados
Nemelex Xobeh
Qazlal
Trog

Shops:
D:6 (


Message History

The orc priest is almost dead.
You completely miss the orc warrior. You barely miss the orc priest.
The orc priest is almost dead.
You hit the orc warrior. You freeze the orc warrior.
The orc warrior hits you with a +0 morningstar.
* * * LOW HITPOINT WARNING * * *
The orc priest hits you but does no damage.
You closely miss the orc warrior.
The orc warrior is severely wounded.
You hit the orc priest. You freeze the orc priest.
You kill the orc priest!
Qazlal accepts your kill. The orc warrior misses you.
You hit the orc warrior but do no damage.
The orc warrior is severely wounded.
You closely miss the orc warrior.
The orc warrior is severely wounded.
The orc warrior hits you with a +0 morningstar!
You die...

####.........#
.>...#>.)....##
####<##.....## ##
#.$.......# .
#..###+##.#
#.#..# .#
#.###.#..# .#
#......)=# .#
#.....○@)# .#
#.###.##o.......#
#. #.##...#.# #.
#.# .## ... # #.#
.# .#


You could see an orc warrior.

Vanquished Creatures
  Pikel (D:5)
  2 ice beasts
  A sky beast (D:9)
  4 ogres
  2 phantoms (D:5)
  A gnoll sergeant (D:6)
  3 scorpions
  5 wights
  A howler monkey (D:4)
  A crimson imp (D:5)
  2 hounds (D:5)
  A bullfrog zombie (D:9)
  2 orc priests
  A centaur skeleton (D:4)
  3 orc wizards
  3 iguanas
  5 worker ants
  2 hound skeletons
  7 gnolls
  9 adders
  An adder zombie (D:5)
  A worm (D:4)
  5 dart slugs
  5 leopard geckos
  12 orcs
  3 giant cockroaches
  6 goblins
  6 hobgoblins
  4 jackals
  2 quokkas (D:4)
  3 ball pythons
  6 bats
  5 frilled lizards
  A jackal skeleton (D:5)
  7 kobolds
  A leopard gecko skeleton (D:5)
  A quokka skeleton (D:5)
  2 quokka zombies (D:5)
  7 rats
134 creatures vanquished.

Vanquished Creatures (others)
  A slave (D:5)
  An orc wizard (D:5)
  3 orcs (D:5)
5 creatures vanquished.

Grand Total: 139 creatures vanquished

Notes
Turn   | Place    | Note
-------+----------+-------------------------------------------
     0 | D:1      | Delamore the Hill Orc Monk began the quest for the Orb.
     0 | D:1      | Reached XP level 1. HP: 19/19 MP: 1/1
   505 | D:1      | Reached XP level 2. HP: 23/26 MP: 2/2
   664 | D:1      | Reached skill level 5 in Axes
  1235 | D:2      | Reached XP level 3. HP: 25/31 MP: 3/3
  1545 | D:2      | Reached skill level 6 in Axes
  1599 | D:2      | Found a snail-covered altar of Cheibriados.
  1929 | D:3      | Reached XP level 4. HP: 39/39 MP: 4/4
  2299 | D:3      | Reached skill level 7 in Axes
  2324 | D:3      | Reached XP level 5. HP: 30/45 MP: 5/5
  2353 | D:3      | HP: 2/45 [orc wizard/puff of frost (8)]
  2657 | D:2      | Reached skill level 8 in Axes
  3150 | D:3      | Reached XP level 6. HP: 44/51 MP: 6/6
  3239 | D:3      | Found a sparkling altar of Nemelex Xobeh.
  3574 | D:4      | Reached skill level 9 in Axes
  3729 | D:4      | Reached skill level 10 in Axes
  3729 | D:4      | Reached XP level 7. HP: 51/57 MP: 7/7
  3937 | D:4      | Got a crystal spear
  3938 | D:4      | Identified the cursed +2 spear "Purith" {speed, rPois
                  | Str+2} (You found it on level 4 of the Dungeon)
  4394 | D:5      | Entered Level 5 of the Dungeon
  4404 | D:5      | Reached skill level 1 in Armour
  4444 | D:5      | Reached skill level 5 in Fighting
  4444 | D:5      | Reached XP level 8. HP: 68/68 MP: 8/8
  4492 | D:5      | Noticed Pikel
  4531 | D:5      | Killed Pikel
  4663 | D:5      | Found a staircase to the Ecumenical Temple.
  4689 | Temple   | Entered the Ecumenical Temple
  4699 | Temple   | Reached skill level 5 in Armour
  4848 | Temple   | Became a worshipper of Qazlal Stormbringer
  4848 | Temple   | Reached * piety under Qazlal
  4848 | Temple   | Reached ** piety under Qazlal
  5210 | D:5      | Reached skill level 11 in Axes
  5483 | D:5      | Reached XP level 9. HP: 79/79 MP: 9/9
  5738 | D:6      | Found Uxuokav's Weapon Emporium.
  5792 | D:6      | Reached skill level 12 in Axes
  6043 | D:6      | Found a bloodstained altar of Trog.
  6144 | D:6      | You fall into a shaft and drop 3 floors!
  6384 | D:7      | Reached skill level 13 in Axes
  6392 | D:7      | Reached *** piety under Qazlal
  6583 | D:7      | Slain by an orc warrior

Illustrated notes

Levels and vault maps discovered:
D:1:      minmay_arrival_diagonal_passages, layout_rooms
D:2:      layout_rooms, kennysheep_slug_shrine, hex_intersection
D:3:      layout_rooms, overflow_temple_1_default
D:4:      layout_cave_pools, first_ration
D:5:      layout_loops_ring, minmay_temple_entry_glass, grunt_decor_one_mirror,
          uniq_pikel
D:6:      layout_basic, serial_shops, nicolae_shop_waterfront, basic_altar,
          st_stairs_8, nicolae_benzene_ring, chequers_arboretum,
          due_unseen_surprise
D:7:      layout_loops_corners
D:8:      layout_gridville, serial_shops, shop,
          lemuel_mausoleum_altar_kikubaaqudgha, uniq_harold
D:9:      layout_long_grid, minmay_overflow_temple_star_hex, special_room
          [special_room_orc]
Temple:   regret_index_temple_generic_petals

Skill      XL: |  1  2  3  4  5  6  7  8  9 |
---------------+----------------------------+-----
Axes           | 5 6 7 8 10 11 13 | 13.3
Fighting       | 5 7 |  7.0
Armour         | 2 5 |  5.3
Dodging        | |  2.4
Stealth        | |  1.5

Action                   |  1- 3 |  4- 6 |  7- 9 || total
-------------------------+-------+-------+-------++-------
Melee: Hand axe          |   114 |   200 |   294 ||   608
       Spear             |       |       |   204 ||   204
Throw: Dart              |       |    17 |     6 ||    23
       Throwing net      |       |     1 |       ||     1
  Use: Scroll            |       |       |    10 ||    10
       Potion            |       |       |     1 ||     1
 Stab: Sleeping          |     2 |       |       ||     2
  Eat: Chunk             |     3 |     5 |     9 ||    17
Armor: Robe              |    22 |    12 |       ||    34
       Chain mail        |       |    75 |   160 ||   235
Dodge: Dodged            |    88 |   148 |   182 ||   418
Block: Other             |       |       |    28 ||    28
